 Dungeon Crawl Stone Soup version 0.30-a0-358-g0d69a1922f (webtiles) character file.

Game seed: 17387881153155508494

135 NinjaNoafa the Grave Robber (level 4, -1/30 HPs)
             Began as a Demonspawn Necromancer on Nov 9, 2022.
             Slain by a gnoll
             ... wielding a +0 flail
              (7 damage)
             ... on level 3 of the Dungeon.
             The game lasted 00:04:17 (2136 turns).

NinjaNoafa the Grave Robber (DsNe)                  Turns: 2136, Time: 00:04:18

Health: -1/30      AC:  6    Str:  6 (9)  XL:     4   Next: 97%
Magic:  0/8        EV: 11    Int: 17 (20) God:
Gold:   129        SH:  0    Dex: 10 (13) Spells: 7/9 levels left

rFire   + . .      SeeInvis .    o - staff of conjuration
rCold   . . .      Faith    .    (no shield)
rNeg    . . .      Spirit   +    e - +0 leather armour {rF+}
rPois   .          Reflect  .    j - +1 helmet
rElec   .          Harm     .    (no cloak)
rCorr   .          Rampage  .    h - +0 pair of gloves
Will    .....                    (no boots)
Stlth   +.........               k - amulet of guardian spirit
HPRegen 0.25/turn                (no ring)
MPRegen 0.11/turn                (no ring)

@: weak-willed
A: big brain 1
a: no special abilities


You were on level 3 of the Dungeon.
You visited 1 branch of the dungeon, and saw 3 of its levels.

You collected 129 gold pieces.

Inventory:

Missiles
 a - 5 boomerangs
 d - 58 stones
 i - 3 javelins
Armour
 e - a +0 leather armour of fire resistance (worn)
 h - a +0 pair of gloves (worn)
 j - a +1 helmet (worn)
Magical Staves
 o - a staff of conjuration (weapon)
Jewellery
 k - an amulet of guardian spirit (around neck)
Scrolls
 f - a scroll of noise
 m - 2 scrolls of butterflies
 n - 3 scrolls of teleportation


   Skills:
 - Level 1.7 Dodging
 - Level 1.7 Stealth
 - Level 3.0 Spellcasting
 + Level 6.3 Necromancy


You had 7 spell levels left.
You knew the following spells:

 Your Spells              Type           Power      Damage    Failure   Level
a - Necrotise             Necr           96%        1d8       1%          1
b - Kiss of Death         Conj/Necr      80%        2d11      8%          1

Your spell library contained the following spells:

 Spells                   Type           Power      Damage    Failure   Level
 Vampiric Draining        Necr           24%        2d7       6%          3
 Animate Dead             Necr           24%        N/A       21%         4
 Dispel Undead            Necr           24%        3d12      21%         4
 Agony                    Necr           24%        N/A       50%         5
 Confusing Touch          Hex            2%         N/A       63%         3


Dungeon Overview and Level Annotations

Branches:
Dungeon (3/15)

Altars:

Shops:
D:2 (


Innate Abilities, Weirdness & Mutations

You have an unusually large brain. (Int +2)


Message History

Press: ? - help, Shift-Dir - straight line, f - goblin
Aim: a goblin, wielding a +0 dagger (weak-willed, chance to affect: 91%)
The goblin writhes in agony.
You kill the goblin!
The dead are walking!
Casting: Necrotise (safe; 1% risk of failure)
Confirm with . or Enter, or press ? or * to list all spells.
Aiming: Necrotise (safe; 1% risk of failure)
Press: ? - help, Shift-Dir - straight line, f - gnoll
Aim: a gnoll, wielding a +0 club (heavily wounded, weak-willed, ally target, chance to affect: 89%)
The gnoll writhes in agony.
You are starting to lose your buoyancy.
The gnoll hits you with a +0 club.
You hit the gnoll but do no damage.
The gnoll is almost dead.
The gnoll hits you but does no damage.
You hit the gnoll but do no damage.
The gnoll is almost dead.
The gnoll completely misses you. The gnoll attacks as you move away!
The gnoll misses you.
Your goblin skeleton barely misses the gnoll.
The gnoll barely misses you.
Your goblin skeleton closely misses the gnoll.
You barely miss the gnoll.
The gnoll is almost dead.
The gnoll hits you with a +0 club.
Your goblin skeleton barely misses the gnoll.
The gnoll hits you with a +0 club.
You hit the gnoll.
You kill the gnoll!
The gnoll barely misses your goblin skeleton.
Your life force feels restored.
You swap places.
The gnoll barely misses you.
Things that are here:
a +0 club; a gnoll corpse You barely miss the gnoll.
The gnoll hits you with a +0 flail!
* * * LOW HITPOINT WARNING * * *
You closely miss the gnoll.
You float gracefully downwards.
The gnoll hits you with a +0 flail!
You die...

...................
.........##..#####
#######.###..# #.#
#..# #.# #..#
#.###..#
####....[.#
.......Z..#
#######@#.#####
#g#.....# #w#####.#
#.# #.# #.# #.# #.#
#.# #.# #.#
..######.#####.###
.w.............).#


You could see a gnoll (weak-willed, ally target), a dart slug (weak-willed) and
a friendly goblin skeleton.

Vanquished Creatures
  An orc priest (D:3)
  3 gnolls
  2 adders (D:2)
  5 orcs (D:3)
  4 ball pythons (D:1)
  A bat (D:3)
  4 endoplasms
  4 giant cockroaches
  4 goblins
  3 hobgoblins
  2 jackals (D:2)
  2 kobolds
  3 rats (D:2)
38 creatures vanquished.

Vanquished Creatures (collateral kills)
  A gnoll (D:3)
  A dart slug (D:1)
  An endoplasm (D:2)
3 creatures vanquished.

Grand Total: 41 creatures vanquished

Notes
Turn   | Place    | Note
-------+----------+-------------------------------------------
     0 | D:1      | NinjaNoafa the Demonspawn Necromancer began the quest for
                  | the Orb.
     0 | D:1      | Reached XP level 1. HP: 13/13 MP: 3/3
   135 | D:1      | Gained mutation: You have an unusually large brain. (Int
                  | +2) [demonic ancestry]
   135 | D:1      | Reached XP level 2. HP: 11/19 MP: 1/5
  1100 | D:2      | Reached XP level 3. HP: 24/24 MP: 4/7
  1215 | D:2      | Found a faded altar of an unknown god.
  1354 | D:2      | Learned a level 1 spell: Kiss of Death
  1488 | D:2      | Found Amacayg's Weapon Emporium.
  1672 | D:2      | Reached skill level 5 in Necromancy
  1968 | D:3      | Reached XP level 4. HP: 20/28 MP: 3/8
  1984 | D:3      | Reached skill level 6 in Necromancy
  2136 | D:3      | Slain by a gnoll

Illustrated notes

Levels and vault maps discovered:
D:1:      minmay_arrival_doors, layout_basic
D:2:      layout_basic, hellmonk_ecumenical_altar_zigzags, serial_shops,
          nicolae_shop_behind_doors
D:3:      layout_loops_ring

Skill      XL: |  1  2  3  4 |
---------------+-------------+-----
Spellcasting   | 3 |  3.0
Necromancy     | 5 6 |  6.3
Dodging        | |  1.7
Stealth        | |  1.7

Action                   |  1- 3 |  4- 6 || total
-------------------------+-------+-------++-------
Melee: Dagger            |     5 |       ||     5
       Unarmed           |     3 |       ||     3
       Staff             |    10 |    11 ||    21
 Cast: Necrotise         |    53 |    15 ||    68
       Kiss of Death     |     1 |     1 ||     2
  Use: Scroll            |       |     4 ||     4
       Potion            |       |     4 ||     4
 Stab: Distracted        |     1 |       ||     1
Armor: Robe              |     4 |       ||     4
       Leather armour    |    18 |    11 ||    29
Dodge: Dodged            |    35 |    23 ||    58

Table legend: (Time is in decaauts)
 A = Elapsed time spent in this place.
 B = Non-inter-level travel time spent in this place.
 C = Inter-level travel time spent in this place.
 D = Time resting spent in this place.
 E = Time spent auto-exploring this place.
 F = Levels seen in this place.
 G = Mean time per level.
                   A        B        C        D        E       F      G
               +--------+--------+--------+--------+--------+-----+--------+
         Total |   2139 |   2067 |     72 |      0 |   1689 |   3 |  713.0 |
       Dungeon |   2139 |   2067 |     72 |      0 |   1689 |   3 |  713.0 |
               +--------+--------+--------+--------+--------+-----+--------+

Top non-repeatable levels by time:
     D:1: 1030 daAuts
     D:2: 816 daAuts
     D:3: 292 daAuts
